 Dungeon Crawl Stone Soup version 0.28-b1-25-g9875b3fc8c (webtiles) character file.

Game seed: 8395201949627248879

712 crazypyro the Basher (level 7, -1/56 (59) HPs)
             Began as a Minotaur Fighter on Jan 31, 2022.
             Slain by a wight (3 damage)
             ... on level 5 of the Dungeon.
             The game lasted 00:04:40 (4852 turns).

crazypyro the Basher (Minotaur Fighter)             Turns: 4852, Time: 00:04:41

HP:   -1/56 (59)    AC: 11    Str: 23    XL:     7   Next: 41%
MP:   6/6           EV:  8    Int:  5    God:
Gold: 307           SH:  4    Dex:  9    Spells: 6/6 levels left

rFire   . . .      SeeInvis .   a - +1 flail
rCold   . . .      Faith    .   c - +0 buckler
rNeg    . . .      Spirit   .   e - +1 chain mail
rPois   .          Reflect  .   (helmet restricted)
rElec   .          Harm     .   g - +0 cloak
rCorr   .          Rampage  .   (no gloves)
Will    .....                   (no boots)
Stlth   ..........              (no amulet)
HPRegen 0.18/turn               (no ring)
MPRegen 0.10/turn               (no ring)

@: drained
A: horns 2, retaliatory headbutt
a: no special abilities


You were on level 5 of the Dungeon.
You visited 1 branch of the dungeon, and saw 5 of its levels.

You collected 307 gold pieces.

Inventory:

Hand Weapons
 a - a +1 flail (weapon)
Missiles
 j - a throwing net (quivered)
Armour
 b - a +0 scale mail
 c - a +0 buckler (worn)
 e - a +1 chain mail (worn)
 g - a +0 cloak (worn)
Scrolls
 h - a scroll of magic mapping {unknown}
 i - 2 scrolls of fog {unknown}
 l - 3 scrolls of identify {unknown}
 o - a scroll of teleportation
 q - a scroll of fear {unknown}
 r - a scroll of vulnerability {unknown}
 s - a scroll of enchant armour
 t - a scroll of enchant weapon
 v - a scroll of blinking
 w - a scroll of torment {unknown}
Potions
 d - 4 potions of might
 f - a potion of curing {unknown}
 k - a potion of heal wounds {unknown}
 m - a potion of degeneration {unknown}
 n - a potion of brilliance {unknown}
 p - 2 potions of cancellation {unknown}
 u - a potion of berserk rage {unknown}


   Skills:
 + Level 4.1 Fighting
 * Level 9.2 Maces & Flails
 + Level 4.2 Armour
 + Level 1.5 Dodging
 + Level 4.1 Shields


You had 6 spell levels left.
You didn't know any spells.
Your spell library contained the following spells:

 Spells                   Type           Power      Damage    Failure   Level
 Beastly Appendage        Tmut           0%         N/A       99%         1
 Magic Dart               Conj           0%         1d3       99%         1
 Call Imp                 Summ           0%         N/A       100%        2
 Wereblood                Tmut           0%         N/A       100%        2
 Mephitic Cloud           Conj/Pois/Air  0%         N/A       100%        3
 Spider Form              Tmut/Pois      0%         N/A       100%        3


Dungeon Overview and Level Annotations

Branches:
Dungeon (5/15)
 Temple: D:4-7

Altars:
Kikubaaqudgha

Annotations:
D:4 2 transporters, mrw3rdna's ghost, novice DsAK


Innate Abilities, Weirdness & Mutations

You have a pair of horns on your head.
You reflexively headbutt those who attack you in melee.


Message History

You feel sick.
You feel sick.
You feel sick. The wight barely misses you. You furiously retaliate!
You headbutt the wight. You barely miss the wight.
The wight is moderately damaged.
You feel sick.
You hit the wight but do no damage. Your headbutt misses the wight.
You feel sick.
You are no longer poisoned.
The wight hits you with a +1 trident of venom.
You feel drained.
The wight hits you with a +2 dagger of freezing.
The wight freezes you.
You hit the wight. You headbutt the wight.
The wight is almost destroyed.
The wight misses you. The wight hits you but does no damage.
You hit the wight.
You destroy the wight!
The wight hits you with a +2 dagger of freezing.
* * * LOW HITPOINT WARNING * * *
You feel drained.
* * * LOW HITPOINT WARNING * * *
The wight freezes you.
* * * LOW HITPOINT WARNING * * *
You completely miss the wight. Your headbutt misses the wight.
The wight barely misses you. You furiously retaliate!
You headbutt the wight, but do no damage.
You sock the wight!
The wight is heavily damaged.
The wight closely misses you.
You barely miss the wight.
The wight is heavily damaged.
The wight barely misses you.
You closely miss the wight.
The wight is heavily damaged.
The wight hits you with a +2 dagger of freezing!
* * * LOW HITPOINT WARNING * * *
You feel drained.
You die...

### ## ## ## #.#
### .##.# .#
#.####.# ...# ##
##.##.## ##.)### ##
#...## ##..)..# .#
#...####..###.....
## ##......)z## ###
##.......@##
##..####...##### #
##..## ##..#...##
## ##..##
##........##
.####...#
###.....####.##
#..#....###......##
##.##
#...........######
##.###
#..####...### ##..#
..## ##### ##.#


You could see a wight.

Vanquished Creatures
  A black bear (D:4)
  A phantom (D:5)
  A wyvern zombie (D:5)
  A water moccasin zombie (D:5)
  3 wights (D:5)
  A jelly (D:5)
  A hound (D:5)
  2 orc wizards (D:5)
  5 adders
  7 gnolls
  A dart slug (D:1)
  11 orcs
  4 endoplasms
  9 hobgoblins
  8 jackals
  A quokka (D:1)
  5 ball pythons
  6 bats
  3 frilled lizards
  5 goblins
  9 kobolds
  4 rats
89 creatures vanquished.

Vanquished Creatures (others)
  5 toadstools (D:2)
5 creatures vanquished.

Grand Total: 94 creatures vanquished

Notes
Turn   | Place    | Note
-------+----------+-------------------------------------------
     0 | D:1      | crazypyro the Minotaur Fighter began the quest for the Orb.
     0 | D:1      | Reached XP level 1. HP: 19/19 MP: 0/0
   114 | D:1      | Reached skill level 3 in Maces & Flails
   337 | D:1      | Reached XP level 2. HP: 26/26 MP: 1/1
   684 | D:1      | Reached skill level 4 in Maces & Flails
   910 | D:1      | Found a faded altar of an unknown god.
   942 | D:2      | Reached XP level 3. HP: 31/31 MP: 2/2
  1319 | D:2      | Identified the +1 hunting sling of Theory {speed, rElec
                  | Will+ Str-4}
  1739 | D:2      | Reached skill level 5 in Maces & Flails
  1938 | D:3      | Reached XP level 4. HP: 39/39 MP: 3/3
  2049 | D:3      | Reached skill level 6 in Maces & Flails
  2370 | D:3      | Reached XP level 5. HP: 28/45 MP: 4/4
  2730 | D:4      | Found an ancient bone altar of Kikubaaqudgha.
  2918 | D:4      | Noticed a black bear
  2923 | D:4      | Killed a black bear
  2924 | D:4      | Reached skill level 7 in Maces & Flails
  2935 | D:4      | Noticed mrw3rdna's ghost (novice DsAK)
  2939 | D:4      | Found a transporter.
  2939 | D:4      | Noticed an ogre
  3266 | D:4      | Found a transporter.
  3332 | D:4      | Reached XP level 6. HP: 51/51 MP: 5/5
  3548 | D:5      | Entered Level 5 of the Dungeon
  3744 | D:5      | Reached skill level 8 in Maces & Flails
  4404 | D:5      | Reached XP level 7. HP: 42/58 MP: 6/6
  4591 | D:5      | Reached skill level 9 in Maces & Flails
  4591 | D:5      | Reached skill level 1 in Dodging
  4852 | D:5      | HP: 2/57 [wight (7)]
  4852 | D:5      | Slain by a wight

Illustrated notes

Levels and vault maps discovered:
D:1:      dpeg_arrival_long_road, layout_loops_ring,
          dilly_ecumenical_altar_fadedgnrine, minivault_23,
          minmay_misc_feat_pillars
D:2:      layout_loops_corners, minmay_gold_behind_fungi
D:3:      layout_basic, minmay_misc_feat_square, serial_bayou_pond_d,
          grunt_ministairs_3
D:4:      wander_river, layout_cave_pods, mainiacjoe_overflow_24_doors,
          gammafunk_ghost_arena, minmay_misc_feat_diagonals,
          kennysheep_windowed_goal
D:5:      layout_layer_cave

Skill      XL: |  1  2  3  4  5  6  7 |
---------------+----------------------+-----
Maces & Flails | 3 4 5 6 7 8 9 |  9.2
Armour         | 4 |  4.2
Dodging        | 1 |  1.5
Shields        | 4 |  4.1
Fighting       | 4 |  4.1

Action                   |  1- 3 |  4- 6 |  7- 9 || total
-------------------------+-------+-------+-------++-------
Melee: Flail             |    89 |    99 |    18 ||   206
       Headbutt          |     6 |    17 |     5 ||    28
  Use: Scroll            |     4 |       |       ||     4
Armor: Scale mail        |     6 |       |       ||     6
       Chain mail        |    49 |    67 |     4 ||   120
Dodge: Dodged            |    39 |    27 |     8 ||    74
Block: Buckler           |    19 |    15 |     3 ||    37
